 Dungeon Crawl Stone Soup version 0.28.0 (webtiles) character file.

Game seed: 3445956033380455216

329 thesequoiad the Shield-Bearer (level 6, 0/56 HPs)
             Began as a Minotaur Fighter on Feb 20, 2022.
             Slain by Dowan (2 damage)
             ... on level 4 of the Dungeon.
             The game lasted 00:04:53 (2272 turns).

thesequoiad the Shield-Bearer (Minotaur Fighter)    Turns: 2272, Time: 00:04:53

Health: 0/56       AC:  8    Str: 19 (22) XL:     6   Next: 25%
Magic:  5/5        EV:  6    Int:  2 (5)  God:
Gold:   250        SH:  4    Dex:  7 (10) Spells: 5/5 levels left

rFire   . . .      SeeInvis .   a - +0 war axe
rCold   . . .      Faith    .   c - +0 buckler
rNeg    + . .      Spirit   .   b - +0 scale mail
rPois   .          Reflect  .   (helmet restricted)
rElec   .          Harm     .   (no cloak)
rCorr   .          Rampage  .   f - +0 pair of gloves
Will    .....                   (no boots)
Stlth   ..........              (no amulet)
HPRegen 0.18/turn               g - ring of positive energy
MPRegen 0.09/turn               (no ring)

@: constricted
A: horns 2, retaliatory headbutt
a: no special abilities


You were on level 4 of the Dungeon.
You visited 1 branch of the dungeon, and saw 4 of its levels.

You collected 250 gold pieces.

Inventory:

Hand Weapons
 a - a +0 war axe (weapon)
Armour
 b - a +0 scale mail (worn)
 c - a +0 buckler (worn)
 f - a +0 pair of gloves (worn)
Jewellery
 g - a ring of positive energy (left hand)
Wands
 k - a wand of polymorph (2)
Scrolls
 e - a scroll of blinking {unknown}
 l - a scroll of magic mapping {unknown}
 m - 2 scrolls of teleportation {unknown}
 n - a scroll of fog {unknown}
 o - a scroll of enchant armour {unknown}


   Skills:
 + Level 5.2 Fighting
 + Level 4.4 Axes
 + Level 5.3 Armour
 + Level 5.3 Shields


You had 5 spell levels left.
You didn't know any spells.
Your spell library contained the following spells:

 Spells                   Type           Power      Damage    Failure   Level
 Ensorcelled Hibernation  Hex/Ice        0%         N/A       98%         2
 Mephitic Cloud           Conj/Pois/Air  0%         N/A       100%        3
 Fulminant Prism          Conj/Hex       0%         3d6       100%        4
 Discord                  Hex            0%         N/A       100%        8


Dungeon Overview and Level Annotations

Branches:
Dungeon (4/15)
 Temple: D:4-7

Altars:

Shops:
D:2 =

Annotations:
D:4 Dowan


Innate Abilities, Weirdness & Mutations

You have a pair of horns on your head.
You reflexively headbutt those who attack you in melee.


Message History

You hit Dowan.
Dowan is lightly wounded.
You block Dowan's attack.
Dowan hits you with a +4 dagger of freezing.
* * * LOW HITPOINT WARNING * * *
Dowan freezes you.
* * * LOW HITPOINT WARNING * * *
The ball python bites you but does no damage.
You block the ball python's attack.
You barely miss Dowan.
Dowan is lightly wounded.
You closely miss the ball python. Dowan closely misses you.
You furiously retaliate!
You headbutt Dowan! The ball python bites you.
* * * LOW HITPOINT WARNING * * *
The ball python barely misses you. You block Dowan's attack.
It was a potion of degeneration.
There was something very wrong with that liquid.
You feel weakened.
You feel dopey.
You feel clumsy.
Dowan hits you with a +4 dagger of freezing.
* * * LOW HITPOINT WARNING * * *
Dowan freezes you.
* * * LOW HITPOINT WARNING * * *
The ball python closely misses you. The ball python grabs you.
The ball python constricts you.
* * * LOW HITPOINT WARNING * * *
Dowan hits you with a +4 dagger of freezing.
* * * LOW HITPOINT WARNING * * *
Dowan freezes you.
* * * LOW HITPOINT WARNING * * *
The ball python barely misses you. The ball python constricts you.
It was a potion of resistance.
You feel protected. You block Dowan's attack.
You block the ball python's attack. The ball python constricts you.
It was a potion of cancellation.
Your magical effects are unravelling.
You feel magically purged.
You feel a little less mighty now.
Your resistance to elements expires.
Dowan hits you with a +4 dagger of freezing.
You die...

#.##.# ...# .....# ..##
.. .# ## #.##.# #..# ..
... . ..##.####..# e.
....#.#..........#
#####..
....#.##.......####......
#.†.##.....#..#...###..
#.##..o.........##..#
#.)e@S†o.#...........
#.##.))..#.........##
...##........#.#.#....
#.#.##)....##.{.....###
#.#.##.##.###.#.#.#.# .
.....##...........# #
.#########..#.#.#.# #
#...[....# ......#.....


You could see Dowan (fast), 2 orcs and a ball python.

Vanquished Creatures
  Duvessa (D:4)
  A bullfrog (D:4)
  A hound skeleton (D:4)
  3 gnolls (D:3)
  5 adders
  A worm (D:3)
  2 dart slugs
  An orc (D:4)
  8 endoplasms
  4 giant cockroaches
  4 goblins (D:1)
  4 hobgoblins
  7 kobolds
  3 quokkas
  7 ball pythons
  8 bats
  4 frilled lizards (D:1)
  6 rats
70 creatures vanquished.

Notes
Turn   | Place    | Note
-------+----------+-------------------------------------------
     0 | D:1      | thesequoiad the Minotaur Fighter began the quest for the
                  | Orb.
     0 | D:1      | Reached XP level 1. HP: 19/19 MP: 0/0
   151 | D:1      | Reached XP level 2. HP: 27/27 MP: 1/1
   392 | D:1      | Reached XP level 3. HP: 33/33 MP: 2/2
   775 | D:2      | Found Huoschagg's Jewellery Boutique.
   822 | D:2      | Found a faded altar of an unknown god.
   825 | D:2      | Got the Incunabulum of Syndicalism
  1409 | D:3      | Reached XP level 4. HP: 40/40 MP: 3/3
  2057 | D:4      | Noticed a bullfrog
  2069 | D:4      | Killed a bullfrog
  2070 | D:4      | Reached XP level 5. HP: 39/47 MP: 4/4
  2075 | D:4      | Reached skill level 5 in Shields
  2078 | D:4      | Reached skill level 5 in Armour
  2136 | D:4      | Noticed Duvessa
  2153 | D:4      | Noticed Dowan
  2264 | D:4      | Killed Duvessa
  2265 | D:4      | Reached skill level 5 in Fighting
  2265 | D:4      | Reached XP level 6. HP: 36/56 MP: 5/5
  2270 | D:4      | HP: 2/56 [Dowan (3)]
  2272 | D:4      | Slain by Dowan

Illustrated notes

Levels and vault maps discovered:
D:1:      sevenhm_arrival_forest_fort_small_3, layout_basic, minmay_bisected
D:2:      cheibrodos_old_hovel, layout_basic, dreamdust_ecumenical_altar_grove,
          serial_shops, shop
D:3:      layout_basic
D:4:      layout_rooms, serial_shops, shop, grunt_ministairs_9, glass_columns_b,
          minmay_diced_spiral, uniq_robin, uniq_duvessa, uniq_blork_the_orc

Skill      XL: |  1  2  3  4  5 |
---------------+----------------+-----
Fighting       | 4 5 |  5.2
Shields        | 4 5 |  5.3
Armour         | 4 5 |  5.3
Axes           | 3 4 |  4.4

Action                   |  1- 3 |  4- 6 || total
-------------------------+-------+-------++-------
Melee: War axe           |    85 |    68 ||   153
       Headbutt          |     8 |    11 ||    19
  Use: Potion            |       |     4 ||     4
Armor: Scale mail        |    36 |    44 ||    80
Dodge: Dodged            |    38 |    41 ||    79
Block: Buckler           |    22 |    23 ||    45
